TOP OF THE 1ST |
Notre Dame Fighting Irish batting - Pitching for Louisiana State Tigers : RHP Steve Henry
|
Pitching: RHP Steve Henry
|
|
Batting: LHB Matt Moore
|
0-0: Ball 1-0: SINGLE (Groundball, 34D)
|
Batting: RHB Juan Meléndez
|
0-0: Called Strike 0-1: Fly out, F9 (Flyball, 9S)
|
Batting: LHB Sam Knight
|
0-0: Ball 1-0: Ball 2-0: Called Strike 2-1: Foul Ball, location: 2F 2-2: Ball Matt Moore is caught stealing 2nd base 3-2: SINGLE (Groundball, 34D)
|
Batting: RHB Jorge Flores
|
0-0: Ball 1-0: Fielders Choice at 2nd, 4-6 (Groundball, 34D)
|
Top of the 1st over - 0 run(s), 2 hit(s), 0 error(s), 0 left on base; Notre Dame 0 - Louisiana State 0 |
BOTTOM OF THE 1ST |
Louisiana State Tigers batting - Pitching for Notre Dame Fighting Irish : LHP Orlando Sánchez
|
Pitching: LHP Orlando Sánchez
|
|
Batting: RHB Jeff Buck
|
0-0: Ball 1-0: Ball 2-0: Ball 3-0: Base on Balls
|
Batting: RHB John Howell
|
0-0: Ball 1-0: Called Strike 1-1: Ball 2-1: Ball 3-1: Base on Balls Jeff Buck to second
|
Batting: LHB Ronald Wallace
|
0-0: Ball 1-0: Called Strike 1-1: Grounds out, U3 (Groundball, 3L) Jeff Buck to third
|
Batting: RHB José López
|
0-0: Foul Ball, location: 2F 0-1: Ball 1-1: Ball 2-1: Ball 3-1: Base on Balls
|
Batting: RHB Jonathan Jackson
|
0-0: Called Strike 0-1: SINGLE (Groundball, 34D) Jeff Buck scores John Howell to third José López to second Runner from 3rd tries for Home, SAFE, no throw
|
Batting: RHB Jacob Glasspool
|
0-0: Ball 1-0: Ground out 6-3 (Groundball, 6S) José López to third Jonathan Jackson to second
|
Batting: RHB Ernesto Quintero
|
0-0: Foul Ball, location: 2F 0-1: Ball 1-1: Fly out, F2 (Popup, 2L)
|
Bottom of the 1st over - 2 run(s), 1 hit(s), 0 error(s), 2 left on base; Notre Dame 0 - Louisiana State 2 |
TOP OF THE 2ND |
Notre Dame Fighting Irish batting - Pitching for Louisiana State Tigers : RHP Steve Henry
|
Batting: SHB Jason Ashley
|
0-0: Ball 1-0: Ball 2-0: Foul Ball, location: 2F 2-1: SOLO HOME RUN (Flyball, 9D), Distance : 370 ft
|
Batting: RHB Allen Miller
|
0-0: Swinging Strike 0-1: Ball 1-1: Ball 2-1: Fly out, F2 (Popup, 23)
|
Batting: SHB Andre Keeler
|
0-0: Ball 1-0: Ball 2-0: Fly out, F8 (Flyball, 8LS)
|
Batting: RHB Larry Eiken
|
0-0: Called Strike 0-1: Foul Ball, location: 2F 0-2: Ball 1-2: Ball 2-2: SINGLE (Groundball, 34D)
|
Batting: RHB Jackson Smith
|
0-0: Ball 1-0: SINGLE (Groundball, 34D) Larry Eiken to second Runner from 2nd tries for 3rd, OUT!
|
Top of the 2nd over - 1 run(s), 3 hit(s), 0 error(s), 1 left on base; Notre Dame 1 - Louisiana State 2 |
BOTTOM OF THE 2ND |
Louisiana State Tigers batting - Pitching for Notre Dame Fighting Irish : LHP Orlando Sánchez
|
Batting: RHB Mike Cooley
|
0-0: Ball 1-0: Fly out, F9 (Flyball, 9S)
|
Batting: RHB Tony Young
|
0-0: Called Strike 0-1: Ball 1-1: SINGLE (Groundball, P) (infield hit)
|
Batting: RHB Jeff Buck
|
0-0: Ball 1-0: Fly out, F6 (Popup, 6D)
|
Batting: RHB John Howell
|
0-0: Ball 1-0: Ball 2-0: Foul Ball, location: 2F 2-1: Ball 3-1: SINGLE (Groundball, 4MD) Tony Young to second Runner from 2nd tries for 3rd, SAFE, throw made to third
|
Batting: LHB Ronald Wallace
|
0-0: Ball 1-0: SINGLE (Line Drive, 89M) Tony Young scores John Howell to second
|
Batting: RHB José López
|
0-0: Ball 1-0: Ball 2-0: Ball 3-0: Called Strike 3-1: Swinging Strike 3-2: Base on Balls John Howell to third Ronald Wallace to second
|
Batting: RHB Jonathan Jackson
|
0-0: Ball 1-0: Ball 2-0: Called Strike 2-1: GRAND SLAM HOME RUN (Flyball, 7D), Distance : 369 ft
|
Batting: RHB Jacob Glasspool
|
0-0: Foul Ball, location: 2F 0-1: Ball 1-1: Ball 2-1: Ball 3-1: Base on Balls
|
Pitching: RHP Grant Anderson
|
|
Batting: RHB Ernesto Quintero
|
0-0: Called Strike 0-1: Ball 1-1: Fielders Choice at 2nd, 6-4 (Groundball, 6)
|
Bottom of the 2nd over - 5 run(s), 4 hit(s), 0 error(s), 0 left on base; Notre Dame 1 - Louisiana State 7 |
TOP OF THE 3RD |
Notre Dame Fighting Irish batting - Pitching for Louisiana State Tigers : RHP Steve Henry
|
Batting: LHB Matt Moore
|
0-0: Ball 1-0: SINGLE (Line Drive, 34)
|
Batting: RHB Juan Meléndez
|
0-0: Called Strike 0-1: Ball 1-1: Ball 2-1: Ground out 5-3 (Groundball, 56S) Matt Moore to second
|
Batting: LHB Sam Knight
|
0-0: Called Strike 0-1: Ball 1-1: Called Strike 1-2: Strikes out looking
|
Batting: RHB Jorge Flores
|
0-0: Reached on error, E5 (Groundball, 56) Matt Moore to third
|
Batting: SHB Jason Ashley
|
0-0: SINGLE (Line Drive, 4D) Matt Moore scores Jorge Flores to second
|
Batting: RHB Allen Miller
|
0-0: Foul Ball, location: 2F 0-1: Ball 1-1: Swinging Strike 1-2: Ball 2-2: Foul Ball, location: 2F 2-2: Ball 3-2: Base on Balls Jorge Flores to third Jason Ashley to second
|
Batting: SHB Andre Keeler
|
0-0: Called Strike 0-1: Ground out U3 (Groundball, 3)
|
Top of the 3rd over - 1 run(s), 2 hit(s), 1 error(s), 3 left on base; Notre Dame 2 - Louisiana State 7 |
BOTTOM OF THE 3RD |
Louisiana State Tigers batting - Pitching for Notre Dame Fighting Irish : RHP Grant Anderson
|
Batting: RHB Mike Cooley
|
0-0: Ball 1-0: Ball 2-0: Ball 3-0: Base on Balls
|
Batting: RHB Tony Young
|
0-0: Ball 1-0: Foul Ball, location: 2F 1-1: Reached on error, E6 (Groundball, 56) Mike Cooley to second
|
Batting: RHB Jeff Buck
|
0-0: Called Strike 0-1: Reached on error, E6 (Groundball, 6D) Mike Cooley to third Tony Young to second
|
Batting: RHB John Howell
|
0-0: Ball 1-0: Grounds into double play, 1-2-3 (Groundball, P) Tony Young to third Jeff Buck to second
|
Batting: LHB Ronald Wallace
|
0-0: Foul Ball, location: 2F 0-1: Fly out, F7 (Line Drive, 7)
|
Bottom of the 3rd over - 0 run(s), 0 hit(s), 2 error(s), 2 left on base; Notre Dame 2 - Louisiana State 7 |
TOP OF THE 4TH |
Notre Dame Fighting Irish batting - Pitching for Louisiana State Tigers : RHP Steve Henry
|
Batting: RHB Larry Eiken
|
0-0: Called Strike 0-1: Foul Ball, location: 2F 0-2: Ball 1-2: Ball 2-2: Ball 3-2: Foul Ball, location: 2F 3-2: Fly out, F9 (Flyball, 89M)
|
Batting: RHB Jackson Smith
|
0-0: Swinging Strike 0-1: Ball 1-1: Foul Ball, location: 2F 1-2: Ball 2-2: SINGLE (Groundball, 34D)
|
Batting: LHB Matt Moore
|
0-0: Ball 1-0: Foul Ball, location: 2F 1-1: Fly out, F8 (Flyball, 8RM)
|
Batting: RHB Juan Meléndez
|
0-0: Swinging Strike 0-1: Called Strike 0-2: Ball 1-2: Strikes out swinging
|
Top of the 4th over - 0 run(s), 1 hit(s), 0 error(s), 1 left on base; Notre Dame 2 - Louisiana State 7 |
BOTTOM OF THE 4TH |
Louisiana State Tigers batting - Pitching for Notre Dame Fighting Irish : RHP Grant Anderson
|
Batting: RHB José López
|
0-0: Ball 1-0: Ball 2-0: Foul Ball, location: 2F 2-1: DOUBLE (Line Drive, 9LM)
|
Batting: RHB Jonathan Jackson
|
0-0: Ball 1-0: SINGLE (Line Drive, 4D) José López to third
|
Batting: RHB Jacob Glasspool
|
0-0: Ball 1-0: Called Strike 1-1: Foul Ball, location: 2F 1-2: Foul Ball, location: 2F 1-2: Strikes out looking
|
Batting: RHB Ernesto Quintero
|
0-0: Ball 1-0: Foul Ball, location: 2F 1-1: Ball 2-1: Grounds into double play, 4-6-3 (Groundball, 4)
|
Bottom of the 4th over - 0 run(s), 2 hit(s), 0 error(s), 1 left on base; Notre Dame 2 - Louisiana State 7 |
TOP OF THE 5TH |
Notre Dame Fighting Irish batting - Pitching for Louisiana State Tigers : RHP Steve Henry
|
Batting: LHB Sam Knight
|
0-0: Ball 1-0: Foul Ball, location: 2F 1-1: Foul Ball, location: 2F 1-2: DOUBLE (Line Drive, 9LM)
|
Pitching: RHP Ricardo Duárez
|
|
Batting: RHB Jorge Flores
|
0-0: Fly out, F7 (Flyball, 7)
|
Batting: SHB Jason Ashley
|
0-0: Called Strike 0-1: Foul Ball, location: 2F 0-2: Ball 1-2: Ground out U3 (Groundball, 34) Sam Knight to third
|
Batting: RHB Allen Miller
|
0-0: Called Strike 0-1: Ball 1-1: Ground out 6-3 (Groundball, 6S)
|
Top of the 5th over - 0 run(s), 1 hit(s), 0 error(s), 1 left on base; Notre Dame 2 - Louisiana State 7 |
BOTTOM OF THE 5TH |
Louisiana State Tigers batting - Pitching for Notre Dame Fighting Irish : RHP Grant Anderson
|
Batting: RHB Mike Cooley
|
0-0: Ball 1-0: Ball 2-0: Ball 3-0: Called Strike 3-1: Base on Balls
|
Batting: RHB Tony Young
|
0-0: Called Strike Mike Cooley is caught stealing 2nd base 0-1: SINGLE (Groundball, 34D)
|
Pitching: RHP Chris Hamilton
|
|
Batting: RHB Jeff Buck
|
0-0: Ball 1-0: Ball 2-0: DOUBLE (Line Drive, 8LD) Tony Young to third
|
Batting: RHB John Howell
|
0-0: Ball 1-0: Foul Ball, location: 2F 1-1: Ball 2-1: Swinging Strike 2-2: Ball 3-2: Base on Balls
|
Batting: LHB Ronald Wallace
|
0-0: Called Strike 0-1: Called Strike 0-2: Foul Ball, location: 2F 0-2: Ball 1-2: Ball 2-2: Foul Ball, location: 2F 2-2: Fielders Choice at 2nd, 4-6 (Groundball, 34) Tony Young scores Jeff Buck to third
|
Batting: RHB José López
|
0-0: Ball 1-0: 3-RUN HOME RUN (Flyball, 7D), Distance : 342 ft
|
Batting: RHB Jonathan Jackson
|
0-0: Foul Ball, location: 2F 0-1: Swinging Strike 0-2: Reached on error, E5 (Groundball, 56S)
|
Batting: RHB Jacob Glasspool
|
0-0: Ball 1-0: Ball 2-0: Called Strike 2-1: Ball 3-1: Base on Balls
|
Batting: RHB Ernesto Quintero
|
0-0: SINGLE (Groundball, 6MD) Jonathan Jackson to third Jacob Glasspool to second Runner from 3rd tries for Home, SAFE, no throw
|
Pitching: RHP Mike Stroud
|
|
Batting: RHB Mike Cooley
|
0-0: Foul Ball, location: 2F 0-1: Foul Ball, location: 2F 0-2: Strikes out looking
|
Bottom of the 5th over - 5 run(s), 4 hit(s), 1 error(s), 2 left on base; Notre Dame 2 - Louisiana State 12 |
TOP OF THE 6TH |
Notre Dame Fighting Irish batting - Pitching for Louisiana State Tigers : RHP Ricardo Duárez
|
Batting: SHB Andre Keeler
|
0-0: Ball 1-0: Ground out 5-3 (Groundball, 56S)
|
Batting: RHB Larry Eiken
|
0-0: Ball 1-0: Ball 2-0: Swinging Strike 2-1: Ball 3-1: Foul Ball, location: 2F 3-2: Foul Ball, location: 2F 3-2: Base on Balls
|
Batting: RHB Jackson Smith
|
0-0: Ball 1-0: Ball 2-0: Called Strike 2-1: Grounds into double play, 5-4-3 (Groundball, 5)
|
Top of the 6th over - 0 run(s), 0 hit(s), 0 error(s), 0 left on base; Notre Dame 2 - Louisiana State 12 |
BOTTOM OF THE 6TH |
Louisiana State Tigers batting - Pitching for Notre Dame Fighting Irish : RHP Mike Stroud
|
Batting: RHB Tony Young
|
0-0: Called Strike 0-1: SINGLE (Line Drive, 8LS)
|
Pinch Hitting: RHB Ethan Ramos
|
0-0: Fielders Choice at 2nd, 3-6 (Groundball, 34)
|
Batting: RHB John Howell
|
0-0: Ball Ethan Ramos steals 2nd base 1-0: Ball 2-0: Called Strike 2-1: Ball 3-1: Base on Balls
|
Batting: LHB Ronald Wallace
|
0-0: Swinging Strike 0-1: Called Strike 0-2: Strikes out swinging
|
Batting: RHB José López
|
0-0: Foul Ball, location: 2F 0-1: Ball 1-1: Foul Ball, location: 2F 1-2: Strikes out looking
|
Bottom of the 6th over - 0 run(s), 1 hit(s), 0 error(s), 2 left on base; Notre Dame 2 - Louisiana State 12 |
TOP OF THE 7TH |
Notre Dame Fighting Irish batting - Pitching for Louisiana State Tigers : RHP Ricardo Duárez
|
Now in CF: Ethan Ramos
|
|
Batting: LHB Matt Moore
|
0-0: Ball 1-0: Called Strike 1-1: Fly out, F8 (Flyball, 8RM)
|
Batting: RHB Juan Meléndez
|
0-0: Called Strike 0-1: Ball 1-1: SINGLE (Groundball, 56D)
|
Batting: LHB Sam Knight
|
0-0: Ball 1-0: Ball 2-0: Foul Ball, location: 2F 2-1: Foul Ball, location: 2F 2-2: Fly out, F9 (Flyball, 9S)
|
Batting: RHB Jorge Flores
|
0-0: Called Strike Balk! Juan Meléndez to second 0-1: Ball 1-1: Fly out, F7 (Flyball, 7)
|
Top of the 7th over - 0 run(s), 1 hit(s), 0 error(s), 1 left on base; Notre Dame 2 - Louisiana State 12 |
BOTTOM OF THE 7TH |
Louisiana State Tigers batting - Pitching for Notre Dame Fighting Irish : RHP Mike Stroud
|
Batting: RHB Jonathan Jackson
|
0-0: Ball 1-0: Fly out, F8 (Flyball, 8RXD)
|
Batting: RHB Jacob Glasspool
|
0-0: Foul Ball, location: 2F 0-1: Ball 1-1: Ball 2-1: Reached on error, E6 (Groundball, 6S)
|
Batting: RHB Ernesto Quintero
|
0-0: SINGLE (Line Drive, 78S) Jacob Glasspool to third
|
Batting: RHB Mike Cooley
|
0-0: Hit by Pitch Ernesto Quintero to second
|
Pinch Runner at 1st Miguel Tamayo:
|
|
Batting: RHB Tony Young
|
0-0: Called Strike 0-1: Swinging Strike 0-2: Ball 1-2: Strikes out looking
|
Batting: RHB Ethan Ramos
|
0-0: Called Strike 0-1: Ball 1-1: Foul Ball, location: 2F 1-2: Strikes out swinging
|
Bottom of the 7th over - 0 run(s), 1 hit(s), 1 error(s), 3 left on base; Notre Dame 2 - Louisiana State 12 |
TOP OF THE 8TH |
Notre Dame Fighting Irish batting - Pitching for Louisiana State Tigers : RHP Ricardo Duárez
|
Now at SS: Miguel Tamayo
|
|
Batting: SHB Jason Ashley
|
0-0: Called Strike 0-1: Ball 1-1: Ball 2-1: Fly out, F7 (Flyball, 78M)
|
Batting: RHB Allen Miller
|
0-0: Called Strike 0-1: Swinging Strike 0-2: Strikes out swinging
|
Batting: SHB Andre Keeler
|
0-0: Swinging Strike 0-1: Ground out 1-3 (Groundball, P)
|
Top of the 8th over - 0 run(s), 0 hit(s), 0 error(s), 0 left on base; Notre Dame 2 - Louisiana State 12 |
BOTTOM OF THE 8TH |
Louisiana State Tigers batting - Pitching for Notre Dame Fighting Irish : RHP Mike Stroud
|
Batting: RHB John Howell
|
0-0: Fly out, F8 (Flyball, 8LS)
|
Batting: LHB Ronald Wallace
|
0-0: Ball 1-0: Ball 2-0: Foul Ball, location: 2F 2-1: Foul Ball, location: 2F 2-2: Ball 3-2: Base on Balls
|
Batting: RHB José López
|
0-0: Called Strike 0-1: Swinging Strike 0-2: Ball 1-2: Strikes out swinging
|
Batting: RHB Jonathan Jackson
|
0-0: SINGLE (Line Drive, 3) Ronald Wallace to second Runner from 2nd tries for 3rd, OUT!
|
Bottom of the 8th over - 0 run(s), 1 hit(s), 0 error(s), 1 left on base; Notre Dame 2 - Louisiana State 12 |
TOP OF THE 9TH |
Notre Dame Fighting Irish batting - Pitching for Louisiana State Tigers : RHP Ricardo Duárez
|
Batting: RHB Larry Eiken
|
0-0: Swinging Strike 0-1: Swinging Strike 0-2: SINGLE (Flyball, 8LS)
|
Batting: RHB Jackson Smith
|
0-0: Ball 1-0: Fly out, F9 (Flyball, 9)
|
Batting: LHB Matt Moore
|
0-0: Called Strike 0-1: Ball 1-1: Ball 2-1: Ball 3-1: Base on Balls Larry Eiken to second
|
Batting: RHB Juan Meléndez
|
0-0: Called Strike 0-1: Ball 1-1: Ball 2-1: Swinging Strike 2-2: Ball 3-2: Strikes out swinging
|
Batting: LHB Sam Knight
|
0-0: Called Strike 0-1: Ball 1-1: Ball 2-1: Called Strike 2-2: Foul Ball, location: 2F 2-2: Fly out, F5 (Flyball, 56D)
|
Top of the 9th over - 0 run(s), 1 hit(s), 0 error(s), 2 left on base; Notre Dame 2 - Louisiana State 12 |
|